ORI
ARIZONA STATE UNIVERSITY SUN DEVILS @ UNIVERSITY OF FLORIDA GATORS
12/24/2048
 
TOP OF THE 1ST
Arizona State University Sun Devils batting - Pitching for University of Florida Gators : RHP Vespasiano Galvanoni
Pitching: RHP Vespasiano Galvanoni
Batting: LHB Eric Russell 0-0: Foul Ball, location: 2F
0-1: Foul Ball, location: 2F
0-2: Ball
1-2: Strikes out swinging
Batting: RHB Rusty Gee 0-0: Called Strike
0-1: Called Strike
0-2: Ground out 6-3 (Groundball, 6D, EV 85.6 MPH)
Batting: LHB Randy Marquez 0-0: Called Strike
0-1: Ball
1-1: Called Strike
1-2: Strikes out swinging
Top of the 1st over - 0 runs, 0 hits, 0 errors, 0 left on base; Arizona State University 0 - University of Florida 0
BOTTOM OF THE 1ST
University of Florida Gators batting - Pitching for Arizona State University Sun Devils : LHP John Neville
Pitching: LHP John Neville
Batting: RHB Manny Harrison 0-0: Ball
1-0: Ball
2-0: Foul Ball, location: 2F
2-1: Ball
3-1: Called Strike
3-2: Base on Balls
Batting: RHB Gong-sun Law 0-0: Ball
1-0: Ground out 5-3 (Groundball, 56S, EV 75.6 MPH)
Manny Harrison to second
Batting: RHB Lião Weishampt 0-0: Called Strike
0-1: Ball
1-1: Called Strike
1-2: Foul Ball, location: 2F
1-2: Fly out, F7 (Flyball, 78S, EV 88.1 MPH)
Batting: SHB Nelson Carachure 0-0: Ball
1-0: Ball
2-0: Foul Ball, location: 2F
2-1: Foul Ball, location: 2F
2-2: Ball
3-2: SINGLE (Flyball, 6MD, EV 85.6 MPH)
Manny Harrison to third
Runner from 3rd tries for Home, SAFE, throw by CF to home
Batting: RHB Luis Cabera 0-0: Called Strike
0-1: Ball
Nelson Carachure steals 2nd base (no throw)
1-1: Foul Ball, location: 2F
1-2: Ground out 5-3 (Groundball, 5L, EV 80.6 MPH)
Bottom of the 1st over - 1 run, 1 hit, 0 errors, 1 left on base; Arizona State University 0 - University of Florida 1
TOP OF THE 2ND
Arizona State University Sun Devils batting - Pitching for University of Florida Gators : RHP Vespasiano Galvanoni
Batting: LHB Dustin Gill 0-0: Ball
1-0: Foul Ball, location: 2F
1-1: Ball
2-1: Swinging Strike
2-2: Foul Ball, location: 2F
2-2: Ball
3-2: Foul Ball, location: 2F
3-2: Strikes out swinging
Batting: LHB Burraga Iukini 0-0: Called Strike
0-1: Ground out 1-3 (Groundball, 15S, EV 67.5 MPH)
Batting: RHB Brent Wiley 0-0: Ground out 6-3 (Groundball, 56, EV 83.8 MPH)
Top of the 2nd over - 0 runs, 0 hits, 0 errors, 0 left on base; Arizona State University 0 - University of Florida 1
BOTTOM OF THE 2ND
University of Florida Gators batting - Pitching for Arizona State University Sun Devils : LHP John Neville
Batting: RHB Elliott Pye 0-0: Ball
1-0: Ball
2-0: Ball
3-0: Base on Balls
Batting: RHB Danny Cisneros 0-0: Ball
1-0: Ball
2-0: Ball
3-0: Called Strike
3-1: Foul Ball, location: 2F
3-2: SINGLE (Groundball, 56S, EV 73.1 MPH) (infield hit)
Elliott Pye to second
Batting: LHB Juan Cadavid 0-0: Grounds into double play, 4-6-3 (Groundball, 34, EV 81.2 MPH)
Elliott Pye to third
Batting: RHB Juan Lopez 0-0: Called Strike
0-1: Ball
1-1: Ball
2-1: Swinging Strike
2-2: Foul Ball, location: 2F
2-2: Strikes out swinging
Bottom of the 2nd over - 0 runs, 1 hit, 0 errors, 1 left on base; Arizona State University 0 - University of Florida 1
TOP OF THE 3RD
Arizona State University Sun Devils batting - Pitching for University of Florida Gators : RHP Vespasiano Galvanoni
Batting: RHB Carl Evans 0-0: Ball
1-0: Swinging Strike
1-1: Ball
2-1: Swinging Strike
2-2: Ground out 4-3 (Groundball, 4, EV 83.8 MPH)
Batting: RHB Stephen Wheeler 0-0: Ball
1-0: Called Strike
1-1: Called Strike
1-2: Foul Ball, location: 2F
1-2: Ball
2-2: Strikes out looking
Batting: LHB Timon Giorgiou 0-0: Called Strike
0-1: Ball
1-1: Called Strike
1-2: Ball
2-2: Strikes out swinging
Top of the 3rd over - 0 runs, 0 hits, 0 errors, 0 left on base; Arizona State University 0 - University of Florida 1
BOTTOM OF THE 3RD
University of Florida Gators batting - Pitching for Arizona State University Sun Devils : LHP John Neville
Batting: RHB Manny Harrison 0-0: Ball
1-0: Foul Ball, location: 2F
1-1: Ball
2-1: Ball
3-1: Ground out 6-3 (Groundball, 6, EV 89.4 MPH)
Batting: RHB Gong-sun Law 0-0: Swinging Strike
0-1: Swinging Strike
0-2: Fly out, F9 (Flyball, 89M, EV 98.8 MPH)
Batting: RHB Lião Weishampt 0-0: Ball
1-0: Foul Ball, location: 2F
1-1: Foul Ball, location: 2F
1-2: Ground out 5-3 (Groundball, 56, EV 102.5 MPH)
Bottom of the 3rd over - 0 runs, 0 hits, 0 errors, 0 left on base; Arizona State University 0 - University of Florida 1
TOP OF THE 4TH
Arizona State University Sun Devils batting - Pitching for University of Florida Gators : RHP Vespasiano Galvanoni
Batting: LHB Eric Russell 0-0: Called Strike
0-1: Swinging Strike
0-2: Ball
1-2: Foul Ball, location: 2F
1-2: Ball
2-2: Fly out, F8 (Line Drive, 8RD, EV 101.2 MPH)
Batting: RHB Rusty Gee 0-0: Ball
1-0: Swinging Strike
1-1: Foul Ball, location: 2F
1-2: Foul Ball, location: 2F
1-2: Ground out 6-3 (Groundball, 56, EV 106.2 MPH)
Batting: LHB Randy Marquez 0-0: Foul Ball, location: 2F
0-1: Ball
1-1: Swinging Strike
1-2: Foul Ball, location: 2F
1-2: Ball
2-2: Foul Ball, location: 2F
2-2: Strikes out swinging
Top of the 4th over - 0 runs, 0 hits, 0 errors, 0 left on base; Arizona State University 0 - University of Florida 1
BOTTOM OF THE 4TH
University of Florida Gators batting - Pitching for Arizona State University Sun Devils : LHP John Neville
Batting: SHB Nelson Carachure 0-0: Called Strike
0-1: Ball
1-1: Ball
2-1: Foul Ball, location: 2F
2-2: Foul Ball, location: 2F
2-2: Foul Ball, location: 2F
2-2: Ball
3-2: Ground out 6-3 (Groundball, 6S, EV 76.9 MPH)
Batting: RHB Luis Cabera 0-0: Called Strike
0-1: SINGLE (Groundball, 3D, EV 93.8 MPH)
Batting: RHB Elliott Pye 0-0: Ball
1-0: Called Strike
1-1: Grounds into double play, 6-4-3 (Groundball, 6, EV 91.2 MPH)
Bottom of the 4th over - 0 runs, 1 hit, 0 errors, 0 left on base; Arizona State University 0 - University of Florida 1
TOP OF THE 5TH
Arizona State University Sun Devils batting - Pitching for University of Florida Gators : RHP Vespasiano Galvanoni
Batting: LHB Dustin Gill 0-0: Ball
1-0: Called Strike
1-1: Ball
2-1: Foul Ball, location: 2F
2-2: Foul Ball, location: 2F
2-2: Ground out 4-3 (Groundball, 4, EV 83.8 MPH)
Batting: LHB Burraga Iukini 0-0: Foul Ball, location: 2F
0-1: Foul Ball, location: 2F
0-2: Ball
1-2: Strikes out looking
Batting: RHB Brent Wiley 0-0: Ball
1-0: Foul Ball, location: 2F
1-1: Ball
2-1: Swinging Strike
2-2: Strikes out swinging
Top of the 5th over - 0 runs, 0 hits, 0 errors, 0 left on base; Arizona State University 0 - University of Florida 1
BOTTOM OF THE 5TH
University of Florida Gators batting - Pitching for Arizona State University Sun Devils : LHP John Neville
Batting: RHB Danny Cisneros 0-0: Ball
1-0: Ground out 6-3 (Groundball, 6, EV 85.0 MPH)
Batting: LHB Juan Cadavid 0-0: Foul Ball, location: 2F
0-1: Called Strike
0-2: Ball
1-2: Foul Ball, location: 2F
1-2: SINGLE (Groundball, 34D, EV 107.5 MPH)
Batting: RHB Juan Lopez 0-0: Ball
Juan Cadavid steals 2nd base
1-0: Foul Ball, location: 2F
1-1: Ball
2-1: Ground out U3 (Groundball, 3, EV 85.0 MPH)
Juan Cadavid to third
Pitching: LHP Jeremiah Brown
Batting: RHB Manny Harrison 0-0: SINGLE (Groundball, 56, EV 106.2 MPH)
Juan Cadavid scores
Batting: RHB Gong-sun Law 0-0: 2-RUN HOME RUN (Flyball, 7D, EV 96.9 MPH), Distance : 378 ft
Batting: RHB Lião Weishampt 0-0: Called Strike
0-1: Swinging Strike
0-2: Ball
1-2: Strikes out swinging
Bottom of the 5th over - 3 runs, 3 hits, 0 errors, 0 left on base; Arizona State University 0 - University of Florida 4
TOP OF THE 6TH
Arizona State University Sun Devils batting - Pitching for University of Florida Gators : RHP Vespasiano Galvanoni
Batting: RHB Carl Evans 0-0: Ball
1-0: Called Strike
1-1: SOLO HOME RUN (Flyball, 7LD, EV 91.9 MPH), Distance : 335 ft
Batting: RHB Stephen Wheeler 0-0: Foul Ball, location: 2F
0-1: Ground out 4-3 (Groundball, 4M, EV 85.6 MPH)
Batting: LHB Timon Giorgiou 0-0: Ball
1-0: Swinging Strike
1-1: Called Strike
1-2: Strikes out swinging
Batting: LHB Eric Russell 0-0: Ball
1-0: Ball
2-0: Called Strike
2-1: Ball
3-1: Foul Ball, location: 2F
3-2: Fly out, F6 (Line Drive, 6MD, EV 70.6 MPH)
Top of the 6th over - 1 run, 1 hit, 0 errors, 0 left on base; Arizona State University 1 - University of Florida 4
BOTTOM OF THE 6TH
University of Florida Gators batting - Pitching for Arizona State University Sun Devils : LHP Jeremiah Brown
Batting: SHB Nelson Carachure 0-0: Ball
1-0: Foul Ball, location: 2F
1-1: Foul Ball, location: 2F
1-2: Ball
2-2: Strikes out looking
Batting: RHB Luis Cabera 0-0: Foul Ball, location: 2F
0-1: Swinging Strike
0-2: Foul Ball, location: 2F
0-2: Ball
1-2: Foul Ball, location: 2F
1-2: Foul Ball, location: 2F
1-2: Ball
2-2: Ball
3-2: Foul Ball, location: 2F
3-2: Foul Ball, location: 2F
3-2: Foul Ball, location: 2F
3-2: Base on Balls
Batting: RHB Elliott Pye 0-0: Ball
Wild Pitch!
Luis Cabera to second
1-0: Ball
2-0: Called Strike
2-1: Foul Ball, location: 2F
2-2: Strikes out swinging
Batting: RHB Danny Cisneros 0-0: Ball
1-0: SINGLE (Groundball, 4MD, EV 106.9 MPH)
Luis Cabera to third
Runner from 3rd tries for Home, SAFE, throw by CF to home
Pitching: RHP Dave Cano
Batting: LHB Juan Cadavid 0-0: Fielders Choice at 2nd, 5-4 (Groundball, 5, EV 82.5 MPH)
Bottom of the 6th over - 1 run, 1 hit, 0 errors, 1 left on base; Arizona State University 1 - University of Florida 5
TOP OF THE 7TH
Arizona State University Sun Devils batting - Pitching for University of Florida Gators : RHP Vespasiano Galvanoni
Pitching: RHP Carlos Figueroa
Batting: RHB Rusty Gee 0-0: Ball
1-0: Fly out, F7 (Flyball, 78D, EV 99.4 MPH)
Batting: LHB Randy Marquez 0-0: Fly out, F8 (Flyball, 8LD, EV 107.5 MPH)
Batting: LHB Dustin Gill 0-0: Ball
1-0: Fly out, F5 (Popup, 15, EV 82.5 MPH)
Top of the 7th over - 0 runs, 0 hits, 0 errors, 0 left on base; Arizona State University 1 - University of Florida 5
BOTTOM OF THE 7TH
University of Florida Gators batting - Pitching for Arizona State University Sun Devils : RHP Dave Cano
Batting: RHB Juan Lopez 0-0: Called Strike
0-1: Called Strike
0-2: Ball
1-2: Ball
2-2: Ball
3-2: Foul Ball, location: 2F
3-2: Base on Balls
Batting: RHB Manny Harrison 0-0: Bunt missed!
0-1: Bunt missed!
0-2: Strikes out swinging
Batting: RHB Gong-sun Law 0-0: Ball
1-0: Grounds into double play, 5-4-3 (Groundball, 56, EV 85.6 MPH)
Bottom of the 7th over - 0 runs, 0 hits, 0 errors, 0 left on base; Arizona State University 1 - University of Florida 5
TOP OF THE 8TH
Arizona State University Sun Devils batting - Pitching for University of Florida Gators : RHP Carlos Figueroa
Batting: LHB Burraga Iukini 0-0: Ball
1-0: Ball
2-0: Ball
3-0: Base on Balls
Batting: SHB Manny Aponte 0-0: Foul Ball, location: 2F
0-1: Fly out, F8 (Line Drive, 8RD, EV 90.6 MPH)
Batting: RHB Carl Evans 0-0: Ball
1-0: Ball
2-0: Ball
3-0: Called Strike
3-1: Called Strike
3-2: Strikes out looking
Batting: RHB Stephen Wheeler 0-0: Swinging Strike
0-1: Ground out 4-3 (Groundball, 34, EV 83.8 MPH)
Top of the 8th over - 0 runs, 0 hits, 0 errors, 1 left on base; Arizona State University 1 - University of Florida 5
BOTTOM OF THE 8TH
University of Florida Gators batting - Pitching for Arizona State University Sun Devils : RHP Dave Cano
Batting: RHB Lião Weishampt 0-0: Ball
1-0: Ball
2-0: Ball
3-0: Base on Balls
Batting: SHB Nelson Carachure 0-0: Ball
1-0: Ball
2-0: Foul Ball, location: 2F
2-1: Swinging Strike
2-2: Strikes out looking
Batting: RHB Luis Cabera 0-0: Called Strike
0-1: Foul Ball, location: 2F
0-2: Ball
1-2: Ball
2-2: Ball
3-2: Base on Balls
Lião Weishampt to second
Batting: RHB Elliott Pye 0-0: Fly out, F4 (Line Drive, 4, EV 65.6 MPH)
Batting: RHB Danny Cisneros 0-0: Called Strike
0-1: Ball
1-1: Foul Ball, location: 2F
1-2: Fielders Choice at 2nd, 6-4 (Groundball, 56D, EV 87.5 MPH)
Bottom of the 8th over - 0 runs, 0 hits, 0 errors, 2 left on base; Arizona State University 1 - University of Florida 5
TOP OF THE 9TH
Arizona State University Sun Devils batting - Pitching for University of Florida Gators : RHP Carlos Figueroa
Batting: LHB Timon Giorgiou 0-0: Ball
1-0: Ball
2-0: Foul Ball, location: 2F
2-1: Ball
3-1: Base on Balls
Batting: LHB Eric Russell 0-0: Called Strike
0-1: Foul Ball, location: 2F
0-2: Ball
1-2: Ball
2-2: Ball
3-2: Ground out 4-3 (Groundball, 34, EV 81.2 MPH)
Timon Giorgiou to second
Batting: RHB Rusty Gee 0-0: Ball
1-0: Swinging Strike
1-1: Ball
2-1: Foul Ball, location: 2F
2-2: Foul Ball, location: 2F
2-2: Foul Ball, location: 2F
2-2: Ball
3-2: Base on Balls
Pitching: RHP Sam Rekowski
Batting: LHB Randy Marquez 0-0: Foul Ball, location: 2F
0-1: Swinging Strike
0-2: Ball
1-2: Strikes out swinging
Batting: LHB Dustin Gill 0-0: Called Strike
0-1: Ball
1-1: Called Strike
1-2: Strikes out swinging
Top of the 9th over - 0 runs, 0 hits, 0 errors, 2 left on base; Arizona State University 1 - University of Florida 5
Tuesday, March 28th , 2023 - OOTP Baseball 23.10 Build 110